 Dungeon Crawl Stone Soup version 0.31-a0-986-g5e6e4ef867 (webtiles) character file.

Game seed: 16396135355331263142

90 jasper the Trooper (level 4, -2/39 HPs)
             Began as a Demonspawn Cinder Acolyte on Nov 11, 2023.
             Was an Elder of Ignis.
             Killed by divine providence
             ... invoked by an orc priest
              (10 damage)
             ... on level 3 of the Dungeon.
             The game lasted 00:06:24 (2068 turns).

jasper the Trooper (Demonspawn Cinder Acolyte)      Turns: 2068, Time: 00:06:25

Health: -2/39      AC: 17    Str: 16    XL:     4   Next: 32%
Magic:  0/5        EV:  7    Int: 16    God:    Ignis [****..]
Gold:   27         SH:  4    Dex:  8    Spells: 5/5 levels left

rFire   + . .        h - +2 quarterstaff (chaos)
rCold   . . .        (shield currently unavailable)
rNeg    . . .        e - +0 chain mail
rPois   +            (no helmet)
rElec   .            i - +1 cloak {rPois}
rCorr   .            (no gloves)
SInv    .            (no boots)
Will    .....        j - amulet of guardian spirit Stlth
                     (no ring)
HPRegen 0.26/turn    (no ring)
MPRegen 0.09/turn

%: guardian spirit
@: fiery-armoured
A: large bone plates 1, demonic magic 1
a: Renounce Religion, Fiery Armour, Foxfire Swarm, Rising Flame


You were on level 3 of the Dungeon.
You worshipped Ignis.
Ignis was greatly pleased with you.
You visited 1 branch of the dungeon, and saw 3 of its levels.

You collected 27 gold pieces.

Inventory:

Hand Weapons
 a - a -1 hand axe of flaming
 d - a +2 dagger of pain
 f - a +0 war axe
 h - a +2 quarterstaff of chaos (weapon)
Missiles
 c - 27 stones (quivered)
Armour
 b - a +0 robe
 e - a +0 chain mail (worn)
 i - a +1 cloak of poison resistance (worn)
 l - a +0 buckler
Jewellery
 j - an amulet of guardian spirit (around neck)
Potions
 g - a potion of enlightenment
 m - a potion of curing
 o - a potion of might


   Skills:
 + Level 5.2 Fighting
 - Level 2.6 Axes
 - Level 1.0 Spellcasting
 - Level 2.6 Fire Magic


You had 5 spell levels left.
You didn't know any spells.
Your spell library contained the following spells:

 Spells                   Type           Power      Damage    Failure   Level
 Scorch                   Fire           18%        2d5       86%         2
 Ensorcelled Hibernation  Hex/Ice        0%         N/A       99%         2
 Jinxbite                 Hex            0%         N/A       99%         2
 Dazzling Flash           Conj/Hex       0%         N/A       100%        3
 Anguish                  Hex/Necr       0%         N/A       100%        4
 Agony                    Necr           0%         N/A       100%        5
 Silence                  Hex/Air        0%         N/A       100%        5


Dungeon Overview and Level Annotations

Branches:
Dungeon (3/15)

Altars:

Shops:
D:1 *


Innate Abilities, Weirdness & Mutations

You are partially covered in large bone plates. (SH +4)
Spells you cast may paralyse adjacent enemies.


Message History

Found a weird jewelled staff.
The orc priest shouts!
The orc priest moves out of view.
An orc comes into view. It is wielding a +0 whip.
The kobold throws a stone.
You block the stone.
The orc shouts!
The kobold hits you with a +0 short sword.
You take 4 damage, and have 35/39 hp.
You hit the kobold but do no damage. Lightning courses through the kobold!
You kill the kobold!
The orc priest mumbles some strange prayers to Beogh against you.
Beogh smites you!
You take 12 damage, and have 23/39 hp.
MASSIVE DAMAGE!!
You now have 4/5 mp.
A protective cloak of flame settles atop you.
The orc priest hits you but does no damage.
The orc priest is burned by your cloak of flames.
The orc priest is lightly wounded.
You barely miss the orc priest.
The orc priest is lightly wounded.
The orc priest barely misses you.
You hit the orc priest.
The orc priest is moderately wounded.
The orc priest mumbles some strange prayers to Beogh against you.
Pain shoots through your body!
You take 11 damage, and have 13/39 hp.
MASSIVE DAMAGE!!
You now have 3/5 mp.
You closely miss the orc priest.
The orc priest is moderately wounded.
You block the orc priest's attack.
The orc priest begins to cast a cantrip, but forgets the words!
The orc barely misses you.
The orc priest hits you with a +0 dagger.
The orc priest is burned by your cloak of flames.
The orc priest is moderately wounded.
You feel better. The orc barely misses you.
The orc priest mumbles some strange prayers to Beogh against you.
Pain shoots through your body!
* * * LOW HITPOINT WARNING * * *
The orc priest mumbles some strange prayers to Beogh against you.
Beogh smites you!
You die...

######.####........
#....# #.....##.
#.#### #....... #.#
#....>.## #.#
###....# #.# ....#
#.# . #.#######...
##.o@(.......
#..oo.)......
#...#####....
#...#?(:#....
#...#:$$#....
#...#?(!#....
.....#####....
....|........#.
.............#


You could see 2 orc priests and an orc.

Vanquished Creatures
  Crazy Yiuf (D:2)
  A worm (D:3)
  3 bats (D:1)
  3 endoplasms
  9 giant cockroaches
  5 goblins
  4 hobgoblins
  10 kobolds
  5 quokkas (D:1)
  5 ball pythons
  2 frilled lizards
  5 rats (D:1)
53 creatures vanquished.

Notes
Turn   | Place    | Note
-------+----------+-------------------------------------------
     0 | D:1      | jasper the Demonspawn Cinder Acolyte began the quest for
                  | the Orb.
     0 | D:1      | Reached XP level 1. HP: 18/18 MP: 2/2
   117 | D:1      | Gained mutation: You are partially covered in large bone
                  | plates. (SH +4) [demonic ancestry]
   117 | D:1      | Reached XP level 2. HP: 20/24 MP: 3/3
   561 | D:1      | Reached skill level 4 in Fighting
   623 | D:1      | Reached XP level 3. HP: 30/30 MP: 4/4
  1166 | D:1      | Found Opseiweg's General Store.
  1353 | D:2      | Found a runed translucent door.
  1354 | D:2      | Noticed Crazy Yiuf
  1361 | D:2      | Killed Crazy Yiuf
  1362 | D:2      | Reached skill level 5 in Fighting
  1362 | D:2      | Gained mutation: Spells you cast may paralyse adjacent
                  | enemies. [demonic ancestry]
  1362 | D:2      | Reached XP level 4. HP: 39/39 MP: 5/5
  2068 | D:3      | Killed from afar by an orc priest

Illustrated notes

Levels and vault maps discovered:
D:1:      giann_bridges, layout_basic, serial_shops, nicolae_shop_peninsula,
          minmay_worlds_worst_comb
D:2:      layout_basic, minmay_tripent, uniq_crazy_yiuf_cottage
D:3:      layout_rooms, mainiacjoe_overflow_catwalk_spiral, fountainhead,
          serial_bayou_pond_e, due_unseen_surprise

Skill      XL: |  1  2  3 |
---------------+----------+-----
Fighting       | 4 5 |  5.2
Axes           | |  2.6
Spellcasting   | |  1.0
Fire Magic     | |  2.6

Action                     |  1- 3 |  4- 6 || total
---------------------------+-------+-------++-------
  Melee: Hand axe          |   126 |       ||   126
         War axe           |     4 |       ||     4
         Punch             |     1 |       ||     1
         Quarterstaff      |       |    22 ||    22
 Invoke: Fiery Armour      |     2 |     1 ||     3
    Use: Scroll            |     1 |     7 ||     8
         Potion            |       |     1 ||     1
 Armour: Robe              |     6 |       ||     6
         Chain mail        |    79 |    10 ||    89
  Dodge: Dodged            |    42 |    11 ||    53
  Block: Other             |    25 |     7 ||    32

Table legend: (Time is in decaauts)
 A = Elapsed time spent in this place.
 B = Non-inter-level travel time spent in this place.
 C = Inter-level travel time spent in this place.
 D = Time resting spent in this place.
 E = Time spent auto-exploring this place.
 F = Levels seen in this place.
 G = Mean time per level.
                   A        B        C        D        E       F      G
               +--------+--------+--------+--------+--------+-----+--------+
         Total |   2096 |   2068 |     28 |    108 |   1353 |   3 |  698.7 |
       Dungeon |   2096 |   2068 |     28 |    108 |   1353 |   3 |  698.7 |
               +--------+--------+--------+--------+--------+-----+--------+

Top non-repeatable levels by time:
     D:1: 1256 daAuts
     D:2: 756 daAuts
     D:3: 83 daAuts
